 Dungeon Crawl Stone Soup version 0.31-a0-986-g5e6e4ef867 (webtiles) character file.

Game seed: 11541217214130935280

1338 octoduck the Basher (level 8, -1/57 (60) HPs)
             Began as an Armataur Hedge Wizard on Nov 23, 2023.
             Was an Initiate of Gozag.
             Slain by a wight
             ... wielding a +0 war axe
              (7 damage)
             ... on level 7 of the Dungeon on Nov 24, 2023.
             The game lasted 00:35:23 (8207 turns).

octoduck the Basher (Armataur Hedge Wizard)         Turns: 8207, Time: 00:35:25

HP:   -1/57 (60)    AC:  5    Str: 18    XL:     8   Next: 35%
MP:   10/12         EV:  9    Int: 14    God:    Gozag
Gold: 427           SH:  0    Dex: 10    Spells: 3/12 levels left

rFire   . . .        k - +0 whip (venom)
rCold   . . .        (no shield)
rNeg    . . .        b - +0 robe
rPois   +            c - +1 hat
rElec   .            (no cloak)
rCorr   .            (no gloves)
SInv    .            (no barding)
Will    .....        (no amulet)
Stlth   ++           r - ring of poison resistance
HPRegen 0.29/turn    u - ring of flight
MPRegen 0.13/turn

%: roll
@: flying, very slightly contaminated, drained
A: large, rugged brown scales 3, deformed body, armoured tail, roll, long
tongue, awkward tongue
a: Renounce Religion, Potion Petition, Call Merchant, Bribe Branch


You were on level 7 of the Dungeon.
You worshipped Gozag.
Gozag was aware of your devotion.
You visited 2 branches of the dungeon, and saw 8 of its levels.

You collected 464 gold pieces.
You paid 37 gold pieces to Gozag.

Inventory:

Hand Weapons
 k - a +0 whip of venom (weapon)
 n - a +0 morningstar of venom
Missiles
 a - a poisoned dart
Armour
 b - a +0 robe (worn)
 c - a +1 hat (worn)
 g - the +1 robe of Nocohoh {-Tele rN+++ rCorr Stlth+}
   (You found it on level 4 of the Dungeon)

   rN+++:     It renders you almost immune to negative energy.
   -Tele:     It prevents most forms of teleportation.
   rCorr:     It protects you from acid and corrosion.
   Stlth+:    It makes you more stealthy.
Jewellery
 r - a ring of poison resistance (left hand)
 u - a ring of flight (right hand)
Wands
 h - a wand of light (15)
 o - a wand of mindburst (14)
 q - a wand of digging (7)
Scrolls
 j - a scroll of fog {unknown}
 m - a scroll of amnesia {unknown}
 s - a scroll of immolation {unknown}
 t - a scroll of enchant armour
Potions
 e - a potion of brilliance
 f - a potion of heal wounds
 l - a potion of resistance
 p - 2 potions of curing
 v - a potion of ambrosia {unknown}


   Skills:
 - Level 0.6 Short Blades
 * Level 8.5 Maces & Flails
 - Level 1.3 Dodging
 - Level 2.1 Stealth
 - Level 2.6 Spellcasting
 - Level 2.5 Conjurations
 - Level 2.2 Hexes
 - Level 0.7 Summonings
 - Level 1.0 Translocations


You had 3 spell levels left.
You knew the following spells:

 Your Spells              Type           Power      Damage    Failure   Level
a - Magic Dart            Conj           32%        1d4       8%          1
b - Slow                  Hex            32%        N/A       9%          1
c - Blink                 Tloc           8%         N/A       22%         2
d - Call Imp              Summ           6%         N/A       26%         2
e - Mephitic Cloud        Conj/Pois/Air  4%         N/A       43%         3

Your spell library contained the following spells:

 Spells                   Type           Power      Damage    Failure   Level
 Cigotuvi's Dreadful Rot  Necr/Pois/Air  2%         N/A       32%         2
 Summon Ice Beast         Ice/Summ       2%         N/A       88%         4
 Summon Mana Viper        Hex/Summ       6%         N/A       98%         5
 Borgnjor's Vile Clutch   Necr/Erth      0%         N/A       99%         5
 Death Channel            Necr           0%         N/A       100%        6
 Monstrous Menagerie      Summ           1%         N/A       100%        7
 Animate Dead             Necr           Unusable   N/A       N/A         4

Dungeon Overview and Level Annotations

Branches:
Dungeon (7/15)             Temple (1/1) D:4

Altars:
Ashenzari
Elyvilon
Fedhas
Gozag
Hepliaklqana
Kikubaaqudgha
Makhleb
Nemelex Xobeh
Okawaru
Qazlal
Ru
Sif Muna
Trog
Uskayaw
Vehumet
Wu Jian
Xom
Yredelemnul
Zin
The Shining One

Shops:
D:1 [[[[

Annotations:
D:2 Robin, Sigmund
D:4 exclusion: sleepcap
D:6 Grinder


Innate Abilities, Weirdness & Mutations

You are completely covered in rugged brown scales. (AC +3, +7% HP)
Armour fits poorly on your strangely shaped body.
You have a long armoured tail.
You roll when moving toward enemies. (Rampage)
Your long tongue fully drains potion bottles. (2x potion effects)
Your tongue gives you trouble enunciating. (1.5x scroll delay)


Message History

You drop a +0 club.
Okay, then.
You drop a staff of death.
You now have 427 gold pieces (gained 24).
Things that are here:
a +0 flail; a +0 chain mail
Things that are here:
a staff of death; a +0 club
a - a poisoned dart You start resting.
HP restored.
A malevolent force fills the Dungeon... and a teleportation trap spontaneously manifests!
You are yanked towards some nearby monsters!
Your surroundings suddenly seem different. 2 wights come into view.
Found 5 boomerangs and a club.
The wight hits you with a +0 long sword.
The wight hits you with a +0 mace!
You feel drained. The wight misses you.
Okay, then.
Okay, then.
The wight attacks as it pursues you! The wight hits you with a +0 mace!
The wight hits you but does no damage.
Found a viscous yellow potion.
The wight closely misses you. The wight attacks as it pursues you!
The wight hits you with a +0 mace.
Casting: Slow (safe; 9% risk of failure)
Confirm with . or Enter, or press ? or * to list all spells.
You miscast Call Imp.
You are very lightly contaminated with residual magic.
Nothing appears to happen.
The wight hits you with a +0 war axe.
You feel drained. The wight hits you with a +0 mace!
* * * LOW HITPOINT WARNING * * *
As you slowly read the scroll labelled JOFRIU KYDUI, it crumbles to dust.
It is a scroll of brand weapon.
Your +0 whip drips with poison.
k - a +0 whip of venom (weapon)
The wight hits you with a +0 long sword!
* * * LOW HITPOINT WARNING * * *
The wight hits you with a +0 war axe!
You die...
Your body crumbles into a pile of gold.

#.#! #... #..# #..#
#..######.
#.........
#.........
#.@.......
#zzz.(..).
#.........
................
................
................
................
................#
................#.#


You could see 3 wights.

Vanquished Creatures
  An ice beast (D:6)
  A sky beast (D:6)
  A black bear (D:4)
  An orc warrior (D:7)
  An ogre (D:6)
  2 scorpions
  A wight (D:7)
  A howler monkey (D:5)
  2 jellies (D:5)
  4 hounds
  A gnoll bouda (D:7)
  Natasha (thrice) (D:3)
  3 iguanas
  6 adders
  9 gnolls
  2 dart slugs (D:1)
  16 orcs
  9 ball pythons
  5 bats
  5 endoplasms
  6 giant cockroaches
  5 goblins
  4 hobgoblins
  4 kobolds
  4 quokkas
  4 rats
101 creatures vanquished.

Vanquished Creatures (collateral kills)
  An ice beast (D:5)
1 creature vanquished.

Grand Total: 102 creatures vanquished

Notes
Turn   | Place    | Note
-------+----------+-------------------------------------------
     0 | D:1      | octoduck the Armataur Hedge Wizard began the quest for the
                  | Orb.
     0 | D:1      | Reached XP level 1. HP: 14/14 MP: 4/4
     8 | D:1      | Learned a level 1 spell: Slow
    20 | D:1      | Found Piachife's Armour Emporium.
    93 | D:1      | Reached skill level 1 in Conjurations
   211 | D:1      | Reached XP level 2. HP: 18/21 MP: 2/5
   349 | D:1      | Found Avvingirai's Armour Boutique.
   364 | D:1      | Found Ruivva's Armour Emporium.
   444 | D:1      | Reached skill level 1 in Hexes
   445 | D:1      | Found Hoymo's Antique Armour Shoppe.
   818 | D:2      | Noticed Sigmund
   839 | D:2      | Found a faded altar of an unknown god.
   917 | D:2      | Noticed Robin
  1037 | D:3      | Reached XP level 3. HP: 27/27 MP: 7/7
  1310 | D:3      | Found a shimmering altar of Xom.
  1558 | D:3      | Found a bloodstained altar of Trog.
  1752 | D:3      | Noticed Natasha
  1761 | D:3      | Killed Natasha
  1762 | D:3      | Reached XP level 4. HP: 30/35 MP: 4/8
  1865 | D:3      | Learned a level 2 spell: Blink
  2099 | D:3      | Reached skill level 1 in Maces & Flails
  2208 | D:3      | Noticed Natasha
  2234 | D:3      | Killed Natasha
  2407 | D:3      | Noticed Natasha
  2914 | D:3      | Found a sparkling altar of Nemelex Xobeh.
  2923 | D:3      | Found a hide-covered altar of Uskayaw.
  3165 | D:4      | Learned a level 2 spell: Call Imp
  3174 | D:4      | Noticed a black bear
  3188 | D:4      | Noticed a scorpion
  3222 | D:3      | Killed Natasha
  3223 | D:3      | Reached skill level 2 in Maces & Flails
  3223 | D:3      | Reached XP level 5. HP: 39/40 MP: 7/9
  3374 | D:4      | Found a sacrificial altar of Ru.
  3396 | D:4      | Identified the +1 robe of Nocohoh {-Tele rN+++ rCorr
                  | Stlth+}
  3643 | D:4      | Reached skill level 3 in Maces & Flails
  4373 | D:4      | Reached skill level 4 in Maces & Flails
  4373 | D:4      | Reached XP level 6. HP: 13/48 MP: 3/10
  4769 | D:4      | Found a staircase to the Ecumenical Temple.
  4838 | Temple   | Entered the Ecumenical Temple
  4863 | Temple   | Became a worshipper of Gozag Ym Sagoz the Greedy
  5062 | D:5      | Entered Level 5 of the Dungeon
  5091 | D:5      | Reached skill level 5 in Maces & Flails
  5430 | D:5      | Reached XP level 7. HP: 38/53 MP: 2/11
  5747 | D:5      | Reached skill level 6 in Maces & Flails
  6330 | D:6      | Noticed Grinder
  6336 | D:6      | Paralysed by Grinder for 5 turns
  6505 | D:6      | Reached skill level 7 in Maces & Flails
  6554 | D:6      | Learned a level 3 spell: Mephitic Cloud
  6610 | D:6      | Found a broken altar of Ashenzari.
  7064 | D:7      | HP: 2/53 [gnoll/+0 spear[a gnoll bouda] (6)]
  7076 | D:7      | Reached XP level 8. HP: 27/60 MP: 3/12
  7401 | D:7      | Reached skill level 8 in Maces & Flails
  8207 | D:7      | Slain by a wight

Illustrated notes

Levels and vault maps discovered:
D:1:      saegor_arrival_simple_b, layout_rooms, serial_shops, shop, shop, shop,
          nicolae_shop_dealshenge
D:2:      layout_rooms, hellmonk_ecumenical_altar_run_dry, uniq_sigmund,
          uniq_robin
D:3:      layout_basic, mainiacjoe_overflow_24_doors, mainiacjoe_overflow_swirl,
          lemuel_crystal_altar, uniq_natasha
D:4:      layout_basic, nicolae_ru_sacrificial_ziggurat,
          minmay_temple_entry_metal_lava, kennysheep_generic_room_10
D:5:      layout_gridville
D:6:      layout_gridville, chei_slow_surprise, nicolae_overflow_crystal_walls,
          nicolae_concentric_dashed_squares_wild, uniq_grinder
D:7:      kennysheep_six_static_rooms, layout_basic, kennysheep_generic_room_16
Temple:   nicolae_temple_superstar

Skill      XL: |  1  2  3  4  5  6  7  8 |
---------------+-------------------------+-----
Conjurations   | 1 2 |  2.5
Hexes          | 1 2 |  2.2
Maces & Flails | 2 4 5 7 8 |  8.5
Short Blades   | |  0.6
Dodging        | |  1.3
Stealth        | |  2.1
Spellcasting   | |  2.6
Summonings     | |  0.7
Translocations | |  1.0

Action                     |  1- 3 |  4- 6 |  7- 9 || total
---------------------------+-------+-------+-------++-------
  Melee: Dagger            |    29 |       |       ||    29
         Tailslap          |    11 |    18 |    19 ||    48
         Club              |    37 |       |       ||    37
         Hand axe          |     6 |       |       ||     6
         Whip              |     3 |   145 |   177 ||   325
         Punch             |       |     5 |     1 ||     6
  Throw: Dart              |     2 |     2 |     2 ||     6
   Cast: Magic Dart        |    59 |    69 |    30 ||   158
         Slow              |    13 |    48 |    53 ||   114
         Blink             |       |     4 |       ||     4
         Call Imp          |       |       |     2 ||     2
  Evoke: Wand              |       |     1 |     2 ||     3
    Use: Potion            |     1 |     1 |     3 ||     5
         Scroll            |       |     9 |     3 ||    12
   Stab: Sleeping          |     2 |     3 |       ||     5
         Distracted        |       |       |     1 ||     1
 Armour: Robe              |    78 |   105 |   143 ||   326
         Skin              |       |    12 |       ||    12
  Dodge: Dodged            |    59 |    63 |    74 ||   196

Table legend: (Time is in decaauts)
 A = Elapsed time spent in this place.
 B = Non-inter-level travel time spent in this place.
 C = Inter-level travel time spent in this place.
 D = Time resting spent in this place.
 E = Time spent auto-exploring this place.
 F = Levels seen in this place.
 G = Mean time per level.
                   A        B        C        D        E       F      G
               +--------+--------+--------+--------+--------+-----+--------+
         Total |   8184 |   7521 |    663 |   2711 |   2671 |   8 | 1023.0 |
       Dungeon |   8133 |   7518 |    615 |   2711 |   2671 |   7 | 1161.9 |
        Temple |     50 |      2 |     48 |      0 |      0 |   1 |   50.0 |
               +--------+--------+--------+--------+--------+-----+--------+

Top non-repeatable levels by time:
     D:3: 2369 daAuts
     D:4: 1660 daAuts
     D:5: 1439 daAuts
     D:7: 937 daAuts
     D:1: 878 daAuts
     D:6: 718 daAuts
     D:2: 129 daAuts
  Temple: 50 daAuts
